 Dungeon Crawl Stone Soup version 0.27-a0-686-gaed091b46b (webtiles) character file.

Game seed: 3406445208349425068

2 Anon1729 the Sneak (level 1, -1/12 HPs)
             Began as a Kobold Brigand on Mar 20, 2021.
             Slain by a quokka (3 damage)
             ... on level 1 of the Dungeon.
             The game lasted 00:00:10 (122 turns).

Anon1729 the Sneak (Kobold Brigand)                  Turns: 122, Time: 00:00:11

Health: -1/12      AC:  3    Str:  8    XL:     1   Next: 44%
Magic:  1/1        EV: 14    Int: 12    God:
Gold:   0          SH:  0    Dex: 16    Spells: 0/0 levels left

rFire    . . .     SeeInvis .   a - +2 dagger
rCold    . . .     Faith    .   (shield restricted)
rNeg     . . .     Spirit   .   b - +0 robe
rPois    .         Reflect  .   (no helmet)
rElec    .         Harm     .   c - +0 cloak
rCorr    .         Rampage  .   (no gloves)
Will     .....                  (no boots)
Stlth    ++++......             (no amulet)
HPRegen  0.04/turn              (no ring)
MPRegen  0.07/turn              (no ring)

@: no status effects
A: small, no large weapons, nightstalker 3
a: no special abilities


You were on level 1 of the Dungeon.
You visited 1 branch of the dungeon, and saw 1 of its levels.

Inventory:

Hand Weapons
 a - a +2 dagger (weapon)
Missiles
 d - 2 poisoned darts (quivered)
 e - 2 curare-tipped darts
Armour
 b - a +0 robe (worn)
 c - a +0 cloak (worn)
Jewellery
 i - a +6 ring of dexterity
Scrolls
 f - a scroll of enchant armour {unknown}
 g - a scroll of blinking {unknown}
 h - a scroll of identify {unknown}


   Skills:
 + Level 2.2 Fighting
 + Level 2.7 Short Blades
 + Level 2.2 Throwing
 + Level 1.3 Dodging
 + Level 5.3 Stealth


You couldn't memorise any spells.
You didn't know any spells.
Your spell library was empty.

Dungeon Overview and Level Annotations

Branches:
Dungeon (1/15)

Altars:


Innate Abilities, Weirdness & Mutations

You are small and have problems with some larger weapons.
You are completely attuned to the shadows.


Message History

You are too injured to fight recklessly!
A quokka is nearby!
Throw: 8 darts (poison)
Press: ? - help, Q - select action, (/) - cycle Shift-Dir - straight line, f - quokka
Aim: a quokka (almost dead, 51% to hit)
You throw a poisoned dart.
The poisoned dart completely misses the quokka.
The quokka bites you.
* * * LOW HITPOINT WARNING * * *
Throw: 7 darts (poison)
Press: ? - help, Q - select action, (/) - cycle Shift-Dir - straight line, f/p - quokka
Aim: a quokka (almost dead, 51% to hit)
You throw a poisoned dart. The poisoned dart hits the quokka.
The quokka is almost dead.
The quokka closely misses you.
Throw: 6 darts (poison)
Press: ? - help, Q - select action, (/) - cycle Shift-Dir - straight line, f/p - quokka
Aim: a quokka (almost dead, 51% to hit)
You throw a poisoned dart.
The poisoned dart closely misses the quokka.
The quokka barely misses you.
Throw: 5 darts (poison)
Press: ? - help, Q - select action, (/) - cycle Shift-Dir - straight line, f/p - quokka
Aim: a quokka (almost dead, 51% to hit)
You throw a poisoned dart.
The poisoned dart closely misses the quokka.
The quokka misses you.
Throw: 4 darts (poison)
Press: ? - help, Q - select action, (/) - cycle Shift-Dir - straight line, f/p - quokka
Aim: a quokka (almost dead, 51% to hit)
You throw a poisoned dart.
The poisoned dart barely misses the quokka.
The quokka closely misses you.
Throw: 3 darts (poison)
Press: ? - help, Q - select action, (/) - cycle Shift-Dir - straight line, f/p - quokka
Aim: a quokka (almost dead, 51% to hit)
You throw a poisoned dart. The poisoned dart hits the quokka.
The quokka is almost dead.
The quokka bites you.
You die...

#.....# ##....# ##.### #.#
.(. # #.## ####.# #. #..#
.....####.####.# #.
......r....#.....# ##.#
#....#@##...#.#..# ...###
##...##.##.†.#.#..#
#########..........(...#..#
##.......................#
##.######.#.###....######
#.# #.#.###....#... #.#
#.#.##.....#.# #.#
##.#........#.#
#.#####....########.#


You could see a quokka.

Vanquished Creatures
  A giant cockroach (D:1)
  A bat (D:1)
  A rat (D:1)
3 creatures vanquished.

Notes
Turn   | Place    | Note
-------+----------+-------------------------------------------
     0 | D:1      | Anon1729 the Kobold Brigand began the quest for the Orb.
     0 | D:1      | Reached XP level 1. HP: 12/12 MP: 1/1
   122 | D:1      | Slain by a quokka

Illustrated notes

Levels and vault maps discovered:
D:1:      elethiomel_arrival_shortcut, layout_loops_ring,
          serial_co_window_serial, co_window_corner_a, co_window_corner_a,
          co_window_corner_a, co_window_paths_b, co_window_of_opportunity_a,
          co_window_paths_a, co_window_corner_a, co_window_broadway_c,
          co_window_broadway_c, co_window_2corner, co_window_paths_c,
          co_window_paths_c, co_window_unsneaky_path_b, glass_columns_c,
          glass_columns_a, glass_columns_a, glass_columns_a, minmay_cut_off

Action                   || total
-------------------------++-------
Melee: Dagger            ||    13
Throw: Dart              ||     6
 Stab: Sleeping          ||     1
Armor: Robe              ||     2
Dodge: Dodged            ||    13

Table legend: (Time is in decaauts)
 A = Elapsed time spent in this place.
 B = Non-inter-level travel time spent in this place.
 C = Inter-level travel time spent in this place.
 D = Time resting spent in this place.
 E = Time spent auto-exploring this place.
 F = Levels seen in this place.
 G = Mean time per level.
                   A        B        C        D        E       F      G
               +--------+--------+--------+--------+--------+-----+--------+
         Total |    119 |    119 |      0 |      0 |     91 |   1 |  119.0 |
       Dungeon |    119 |    119 |      0 |      0 |     91 |   1 |  119.0 |
               +--------+--------+--------+--------+--------+-----+--------+

Top non-repeatable levels by time:
     D:1: 119 daAuts
